Map: Eternal Empire LE

Players

Ratl

  • Race: Zerg Zerg
  • League: Silver
  • Spawn Location: 7:00

valdoTIEV - Winner!

  • Race: Terran Terran
  • League: Silver
  • Spawn Location: 1:00

VOD

Have the link to the VOD?

Description

Time

  • Played on: Feb. 12, 2020, 2:48 p.m.
  • Length: 20:32
Show
View Real Time Build Order
Export as new Build Order

Ratl Zerg 

Build Orders: Hatch First 

Get SALT Encoding   

  12  0:01  Drone  
  13  0:13  Overlord  
  13  0:17  Drone  
  14  0:34  Drone  
  14  0:35  Overlord  
  15  0:39  Drone  
  16  0:54  Drone  
  17  1:02  Hatchery  
  16  1:06  Drone  
  17  1:14  Drone  
  18  1:19  Overlord  
  18  1:31  Drone  
  18  1:32  Spawning Pool  
  18  1:43  Drone  
  19  1:51  Drone  
  20  1:59  Extractor  
  19  2:02  Drone  
  20  2:13  Drone  
  21  2:23  Drone  
  21  2:24  Drone  
  21  2:27  Queen  
  21  2:29  Queen  
  27  2:30  Drone  
  27  2:33  Drone  
  29  2:39  Drone  
  30  2:45  Drone  
  30  2:47  Drone  
  32  2:55  Drone  
  33  3:00  Drone  
  33  3:04  Queen  
  36  3:16  Hatchery  
  36  3:17  Drone x3  
  38  3:25  Drone  
  39  3:28  Drone  
  39  3:30  Lair  
  40  3:38  Drone  
  40  3:40  Roach Warren, Drone  
  41  3:52  Drone x3  
  41  3:54  Overlord x3  
  44  4:08  Extractor  
  43  4:10  Extractor  
  42  4:19  Roach  
  42  4:20  Roach x4  
  50  4:33  Drone x2  
  50  4:34  Drone x2  
  54  4:41  Drone x5  
  58  5:02  Drone x4  
  58  5:03  Drone x5  
  67  5:19  Evolution Chamber, Drone x4  
  70  5:29  Drone x4  
  70  5:30  Overlord  
  70  5:31  Overlord  
  74  5:36  Extractor  
  73  5:43  Infestation Pit  
  73  5:46  Hydralisk Den  
  73  5:48  Drone x3  
  73  5:49  Drone x5  
  79  5:59  Hatchery  
  79  6:01  Drone  
  79  6:02  Drone x5  
  84  6:16  Extractor x2  
  82  6:22  Drone x5  
  82  6:23  Drone x2  
  89  6:27  Hatchery  
  89  6:32  Drone  
  89  6:33  Drone  
  90  6:41  Overlord x3  
  90  6:42  Overlord  
  90  7:02  Drone  
  90  7:03  Drone x7  
  98  7:23  Drone  
  98  7:24  Drone x9  
  108  7:38  Drone x9  
  117  7:44  Extractor  
  117  7:49  Hydralisk x9  
  134  7:56  Hatchery, Evolution Chamber  
  132  8:00  Evolution Chamber  
  132  8:03  Zerg Melee Weapons Level 1  
  131  8:16  Extractor  
  131  8:17  Hydralisk  
  131  8:18  Hydralisk  
  131  8:19  Overlord  
  134  8:20  Overlord x3  
  134  8:21  Overlord x4  
  134  8:45  Hydralisk x7  
  134  8:46  Hydralisk x9  
  166  8:51  Overlord  
  166  8:52  Hydralisk  
  168  9:09  Spine Crawler  
  167  9:10  Spine Crawler  
  167  9:11  Spore Crawler  
  165  9:17  Spine Crawler  
  165  9:20  Spine Crawler, Spore Crawler  
  162  9:25  Hydralisk x6  
  162  9:26  Hydralisk x13  
  196  9:36  Spine Crawler  
  196  9:38  Spine Crawler  
  192  9:41  Spore Crawler  
  192  9:43  Spine Crawler x2  
  187  9:52  Drone x4  
  187  9:53  Drone x3  
  187  9:54  Hydralisk x5, Drone  
  199  10:07  Zerg Missile Weapons Level 1  
  199  10:08  Zerg Melee Weapons Level 2, Zerg Ground Armor Level 1  
  199  10:21  Grooved Spines  
  113  11:13  Hydralisk x12  
  113  11:14  Nydus Network, Hydralisk x13  
  148  11:32  Muscular Augments  
  148  11:40  Hydralisk x10  
  148  11:41  Hydralisk x5  
  178  12:41  Spire  
  177  12:53  Hydralisk x11  
  177  12:57  Zerg Missile Weapons Level 2  
  199  13:01  Hive  
  199  13:03  Zerg Ground Armor Level 2  
  199  13:28  Hatchery  
  198  13:34  Spine Crawler  
  198  13:36  Spine Crawler  
  198  13:39  Spore Crawler  
  195  13:42  Drone x3  
  195  13:43  Drone x2  
  192  14:05  Hydralisk x4  
  198  14:23  Spawning Pool  
  182  14:27  Lair, Ultralisk Cavern  
  182  14:28  Hydralisk Den  
  180  14:45  Overlord x18  
  180  14:46  Overlord x4  
  140  15:25  Hydralisk x3  
  140  15:26  Hydralisk x16  
  178  15:41  Infestation Pit  
  165  16:10  Drone x12  
  165  16:38  Drone x3  
  168  16:48  Lair  
  168  16:51  Overlord x7  
  168  16:52  Overlord x3  
  168  17:12  Hatchery  
  167  17:15  Hatchery  
  153  17:54  Drone  
  153  17:55  Drone x13  
  153  17:57  Hive  
  163  18:03  Spawning Pool  
  162  18:05  Infestation Pit  
  162  18:09  Hydralisk Den  
  162  18:10  Unknown, Spire  
  158  18:39  Hatchery  
  157  18:44  Drone x9  
  157  18:45  Drone x7  
  173  19:01  Queen  
  175  19:07  Hatchery  
  140  19:37  Spire  
  122  19:53  Drone  
  122  19:54  Drone x13  
  114  20:12  Drone  
  114  20:13  Drone x4  
Show
View Real Time Build Order
Export as new Build Order

valdoTIEV Terran - Winner!

Build Orders: Liberator Opening 

Get SALT Encoding   

  12  0:01  SCV  
  13  0:13  SCV  
  14  0:19  Refinery  
  14  0:27  Supply Depot  
  14  0:30  SCV  
  15  0:51  SCV  
  15  0:52  Barracks  
  16  0:58  Refinery  
  16  1:12  Supply Depot  
  16  1:23  SCV  
  17  1:35  SCV  
  18  1:40  Reaper  
  18  1:46  Factory  
  19  1:51  Orbital Command  
  19  2:12  Reaper  
  20  2:17  SCV  
  21  2:29  SCV  
  22  2:33  Starport  
  22  2:41  Factory Tech Lab  
  22  2:51  Marine  
  22  2:55  SCV  
  25  3:15  Barracks Tech Lab  
  25  3:16  Siege Tank  
  27  3:23  Supply Depot  
  27  3:27  SCV  
  28  3:35  Fusion Core, Liberator  
  31  3:44  Marine  
  31  3:46  Supply Depot  
  32  4:09  Supply Depot  
  31  4:43  Siege Tank  
  33  4:54  SCV, Engineering Bay  
  33  4:56  Supply Depot  
  34  5:06  Battlecruiser, SCV, Marine  
  42  5:19  Siege Tank  
  45  5:24  Marine  
  46  5:51  Supply Depot  
  46  5:53  Command Center  
  46  5:59  Marine  
  46  6:00  Missile Turret  
  50  6:10  Battlecruiser  
  53  6:15  SCV  
  53  6:17  Marine  
  55  6:20  Supply Depot  
  55  6:28  SCV  
  55  6:29  Missile Turret  
  56  6:40  SCV  
  57  6:52  SCV  
  58  7:06  SCV  
  58  7:07  Unknown  
  59  7:18  SCV  
  59  7:19  Battlecruiser  
  66  7:24  Marine  
  67  7:30  SCV  
  68  7:41  Marine  
  69  7:53  SCV  
  69  7:56  SCV  
  71  8:05  SCV  
  71  8:08  SCV  
  73  8:14  Armory  
  73  8:17  SCV  
  74  8:20  Supply Depot  
  74  8:30  SCV  
  74  8:32  Battlecruiser  
  81  8:42  SCV, Supply Depot  
  82  8:49  Missile Turret  
  82  8:53  Weapon Refit  
  82  9:06  Planetary Fortress  
  82  9:55  Terran Ship Weapons Level 1  
  82  9:58  Armory  
  82  10:06  Battlecruiser  
  88  10:18  Missile Turret  
  88  10:38  Missile Turret  
  82  11:04  Missile Turret  
  82  11:24  Battlecruiser, Missile Turret  
  88  11:28  Terran Vehicle And Ship Armor Level 1  
  88  11:35  Siege Tank  
  88  11:38  Starport  
  91  11:57  Missile Turret  
  91  12:18  Starport Tech Lab  
  97  12:58  Battlecruiser x2  
  103  13:43  Command Center  
  103  13:53  Refinery  
  102  13:56  Refinery  
  102  14:00  Terran Ship Weapons Level 2, Terran Vehicle And Ship Armor Level 2  
  86  14:04  Battlecruiser  
  90  14:48  Battlecruiser  
  91  15:03  Siege Tank  
  93  16:18  Battlecruiser x2  
  93  16:45  Terran Ship Weapons Level 3  
  93  17:22  Supply Depot  
  93  17:25  Supply Depot x2  
  93  17:26  Supply Depot  
  93  17:27  Supply Depot  
  93  17:31  Supply Depot  
  93  19:04  Command Center  
  93  19:13  Command Center  
  93  19:26  Command Center  
  87  20:07  Refinery  
  87  20:10  Refinery  
Tags
 
Add a new tag
Caveats
  • Supply blocks, unpowered buildings, or Contaminate may cause inaccurate times.
  • Supply counts are checked every 10 seconds.